 Dungeon Crawl Stone Soup version 0.18.1-8-gdd0e5ea (webtiles) character file.

350 matakusis the Magician (level 6, 0/32 HPs)
             Began as a Deep Elf Wizard on June 10, 2016.
             Slain by Natasha (6 damage)
             ... on level 4 of the Dungeon.
             The game lasted 00:31:34 (3816 turns).

matakusis the Magician (Deep Elf Wizard)            Turns: 3816, Time: 00:31:39

Health: 0/32       AC:  4    Str:  4    XL:     6   Next: 34%
Magic:  3/18       EV: 12    Int: 25    God:
Gold:   150        SH:  0    Dex: 13    Spells: 5 memorised, 8 levels left

rFire  . . .     SeeInvis .     i - +0 lajatang
rCold  . . .     Gourm    .     a - +0 robe
rNeg   . . .     Faith    .     (shield currently unavailable)
rPois  .         Spirit   .     q - +1 helmet
rElec  .         Dismiss  .     (no cloak)
rCorr  .         Reflect  .     (no gloves)
SustAt .         Harm     .     (no boots)
MR     .....                    (no amulet)
Stlth  ++........               (no ring)
                                e - ring of flight

@: not resistant to hostile enchantments, unstealthy
A: no striking features
a: Evoke Flight


You were on level 4 of the Dungeon.
You were not hungry.

You visited 1 branch of the dungeon, and saw 4 of its levels.

You collected 150 gold pieces.

Inventory:

Hand Weapons
 i - a +0 lajatang (weapon)
 m - a +0 dagger
Armour
 a - a +0 robe (worn)
 b - a +0 hat
 q - a +1 helmet (worn)
Jewellery
 e - a ring of flight (left hand)
 f - a +4 ring of strength {unknown}
Wands
 h - a wand of flame (25/48)
Scrolls
 g - 3 scrolls of identify
 n - a scroll of remove curse
Books
 c - a book of Minor Magic

   Spells                             Type                      Level
   a - Magic Dart                     Conjuration                  1
   b - Blink                          Translocation                2
   c - Call Imp                       Summoning                    2
   d - Repel Missiles                 Charms/Air                   2
   e - Slow                           Hexes                        2
   f - Conjure Flame                  Conjuration/Fire             3
   g - Mephitic Cloud                 Conjuration/Poison/Air       3
Comestibles
 d - 2 bread rations
 j - 2 meat rations
 k - a slice of pizza
 o - 3 fruits


   Skills:
 - Level 2.4 Dodging
 - Level 3.4 Stealth
 + Level 7.1 Spellcasting
 + Level 1.2 Conjurations
 + Level 4.9 Summonings
 - Level 1.1 Translocations


You had 8 spell levels left.
You knew the following spells:

 Your Spells              Type           Power        Failure   Level  Hunger
a - Magic Dart            Conj           ###.         4%          1    None
b - Call Imp              Summ           ####....     1%          2    None
c - Blink                 Tloc           N/A          10%         2    None
d - Conjure Flame         Conj/Fire      ##......     17%         3    None
e - Mephitic Cloud        Conj/Pois/Air  ##......     17%         3    None


Dungeon Overview and Level Annotations

Branches:
Dungeon (4/15)
 Temple: D:4-7

Altars:

Annotations:
D:4 Grinder, Natasha


Message History

Natasha casts a spell at you. The magic dart hits you!
* * * LOW HITPOINT WARNING * * *
The ogre closely misses your white imp.
Your white imp gestures at the ogre.
The puff of frost hits the ogre.
Grinder blinks!
You barely miss Natasha.
Natasha is lightly wounded.
Natasha mumbles some strange words.
Natasha's fingertips start to glow.
Natasha closely misses you.
The ogre hits your white imp with a giant club!
Your white imp barely misses the ogre.
You closely miss Natasha.
Natasha is lightly wounded.
Natasha misses you.
Your white imp hits the ogre.
Your white imp freezes the ogre.
The ogre dies!
Natasha claws you.
You die...

#. ### #. #.. #.# #.#
.>## #.# ..# #.#
##################.## #.#
.....§.h@....5)5....# #.#
.?.....###########.§###.#
######. #.5.##.# ..
#.#5##.# ##. ###.#5#.5#.#
.. ..$..55.5..# ..
#####.##...# .. ...##.#.#
######....


You could see Grinder, Natasha and a friendly white imp.

Vanquished Creatures
  The ghost of raikaria the Stinger, an amateur TeVM (D:3)
  A dart slug (D:1)
  A giant gecko (D:2)
  2 ball pythons
  4 bats (D:1)
  2 giant cockroaches
  5 hobgoblins
  A quokka (D:2)
  A giant newt (D:1)
  5 goblins
  4 kobolds
  6 rats
33 creatures vanquished.

Vanquished Creatures (collateral kills)
  Sigmund (D:2)
  An ogre (D:4)
  A crimson imp (D:3)
  An orc wizard (D:3)
  Terence (D:3)
  Natasha (D:4)
  Robin (D:3)
  2 adders (D:2)
  3 worms
  A dart slug (D:3)
  4 giant geckos
  5 orcs (D:3)
  2 bats
  4 giant cockroaches
  11 goblins
  8 hobgoblins
  3 jackals (D:3)
  7 kobolds
  A ball python (D:3)
  A giant newt (D:1)
  6 rats
65 creatures vanquished.

Vanquished Creatures (others)
  A hobgoblin (D:3)
1 creature vanquished.

Grand Total: 99 creatures vanquished

Notes
Turn   | Place    | Note
--------------------------------------------------------------
     0 | D:1      | matakusis the Deep Elf Wizard began the quest for the Orb.
     0 | D:1      | Reached XP level 1. HP: 10/10 MP: 7/7
   250 | D:1      | Reached skill level 5 in Spellcasting
   272 | D:1      | Reached XP level 2. HP: 15/15 MP: 8/10
   276 | D:1      | Learned a level 2 spell: Call Imp
   279 | D:1      | Learned a level 2 spell: Blink
  1473 | D:2      | Noticed Sigmund
  1505 | D:2      | Reached XP level 3. HP: 19/19 MP: 7/11
  1685 | D:2      | Killed Sigmund
  1685 | D:2      | Reached XP level 4. HP: 8/24 MP: 3/13
  1973 | D:2      | Reached skill level 6 in Spellcasting
  2124 | D:2      | Learned a level 3 spell: Conjure Flame
  2128 | D:2      | Learned a level 3 spell: Mephitic Cloud
  2714 | D:3      | Reached XP level 5. HP: 24/28 MP: 13/15
  2763 | D:3      | Noticed raikaria's ghost (amateur TeVM)
  2801 | D:3      | Killed raikaria's ghost
  2853 | D:3      | Found a faded altar to an unknown god.
  2857 | D:3      | Noticed Robin
  2886 | D:3      | Noticed Terence
  2930 | D:3      | Killed Terence
  3110 | D:3      | Killed Robin
  3412 | D:3      | Reached XP level 6. HP: 26/32 MP: 17/17
  3756 | D:4      | Noticed Natasha
  3774 | D:4      | Noticed Grinder
  3801 | D:4      | Killed Natasha
  3801 | D:4      | Reached skill level 7 in Spellcasting
  3813 | D:4      | Noticed Natasha
  3816 | D:4      | Slain by Natasha

Skill      XL: |  1  2  3  4  5  6 |
---------------+-------------------+-----
Spellcasting   | 5 6 7 |  7.1
Summonings     | 2 3 4 |  4.9
Stealth        | 3 |  3.4
Dodging        | |  2.4
Conjurations   | |  1.2
Translocations | |  1.1

Action                   |  1- 3 |  4- 6 || total
-------------------------+-------+-------++-------
Melee: Unarmed           |     4 |     1 ||     5
       Dagger            |       |     8 ||     8
       Lajatang          |       |    14 ||    14
 Cast: Magic Dart        |    31 |    29 ||    60
       Call Imp          |    45 |    48 ||    93
       Blink             |       |     2 ||     2
       Mephitic Cloud    |       |     2 ||     2
  Use: Scroll            |       |     6 ||     6
       Potion            |       |     4 ||     4
 Stab: Sleeping          |     2 |     4 ||     6
  Eat: Chunk             |     2 |     7 ||     9
Armor: Robe              |     5 |    11 ||    16
Dodge: Dodged            |    19 |    35 ||    54
